 Dungeon Crawl Stone Soup version 0.31-a0-844-gdc52ec4e09 (webtiles) character file.

Game seed: 7898702719755667695

69 Flugkiller the Sneak (level 4, -2/35 HPs)
             Began as a Djinni Delver on Sept 30, 2023.
             Was an Initiate of Nemelex Xobeh.
             Slain by an iguana (11 damage)
             ... on level 5 of the Dungeon.
             The game lasted 00:02:32 (507 turns).

Flugkiller the Sneak (Djinni Delver)                 Turns: 507, Time: 00:02:33

Health: -2/35      AC:  3    Str: 11    XL:     4   Next: 42%
Gold:   0          EV: 12    Int: 14    God:    Nemelex Xobeh [......] SH:  0 Dex: 14

rFire   + + .        a - +0 short sword
rCold   x . .        (no shield)
rNeg    . . .        b - +0 leather armour
rPois   ∞            (no helmet)
rElec   .            (no cloak)
rCorr   .            (no gloves)
SInv    .            (boots unavailable)
Will    .....        (no amulet)
Stlth   ++           (no ring)
HPRegen 0.25/turn    (no ring)
MPRegen 0.00/turn

%: infuse magic (-3 HP)
@: flying
A: sickness immunity, fire resistance 2, cold vulnerability 1, float, innate
caster, HP casting, extra vitality 1
a: Renounce Religion, Draw Escape, Draw Destruction, Draw Summoning


You were on level 5 of the Dungeon.
You worshipped Nemelex Xobeh.
Nemelex Xobeh was noncommittal.
You visited 2 branches of the dungeon, and saw 3 of its levels.

Inventory:

Hand Weapons
 a - a +0 short sword (weapon)
Armour
 b - a +0 leather armour (worn)
Wands
 g - a wand of digging (3)
Scrolls
 c - a scroll of fog


   Skills:
 - Level 3.0 Fighting
 - Level 1.7 Short Blades
 - Level 2.1 Dodging
 - Level 4.1 Stealth
 + Level 2.6 Spellcasting
 + Level 2.6 Conjurations
 + Level 2.6 Hexes
   Level 0.0 Charms
 + Level 2.6 Summonings
 + Level 2.6 Necromancy
 + Level 2.6 Translocations
 + Level 2.6 Transmutations
 + Level 2.6 Fire Magic
 + Level 2.6 Ice Magic
 + Level 2.6 Air Magic
 + Level 2.6 Earth Magic
 + Level 2.6 Poison Magic


You knew the following spells:

 Your Spells              Type           Power      Damage    Failure   Level
a - Shock                 Conj/Air       36%        1d5       10%         1
Your spell library was empty.

Dungeon Overview and Level Annotations

Branches:
Dungeon (5/15) Zot: 11536  Temple (1/1) D:5 Zot: 5973

Altars:
Ashenzari
Dithmenos
Elyvilon
Fedhas
Hepliaklqana
Makhleb
Nemelex Xobeh
Okawaru
Qazlal
Trog
Zin
The Shining One

Shops:
D:5 ?

Annotations:
D:4 Menkaure


Innate Abilities, Weirdness & Mutations

You are immune to sickness and miasma.
You are immune to poison.
Your flesh is very heat resistant. (rF++)
You are vulnerable to cold. (rC-)
You float through the air rather than walking.
You learn spells naturally, not from books.
Your magical power is your life essence.
You have superior vitality. (+4 MHP)


Message History

Unknown command.
Casting: Shock (safe; 11% risk of failure)
Confirm with . or Enter, or press ? or * to list all spells.
Aiming: Shock (safe; 11% risk of failure)
Press: ? - help, Shift-Dir - straight line, p - gnoll You miscast Shock.
You are very lightly contaminated with residual magic.
Nothing appears to happen.
* * * LOW HITPOINT WARNING * * *
The gnoll barely misses you.
Casting: Shock (safe; 11% risk of failure)
Confirm with . or Enter, or press ? or * to list all spells.
Aiming: Shock (safe; 11% risk of failure)
Press: ? - help, Shift-Dir - straight line The zap hits the gnoll.
You kill the gnoll!
* * * LOW HITPOINT WARNING * * *
Unknown command.
You start resting.
Your magical contamination has completely faded away.
You start resting.
HP restored.
Things that are here:
a +0 club; a gnoll corpse
Things that are here:
a +0 whip; a gnoll corpse
Things that are here:
a +0 flail; a gnoll corpse You reach down and open the door.
There is an open door here.
There is a staircase to the Ecumenical Temple here.
The iguana hisses angrily.
You fly downwards.
Welcome to the Ecumenical Temple!
Found a shadowy altar of Dithmenos and a bloodstained altar of Trog.
Found a staircase back to the Dungeon.
There is a staircase back to the Dungeon here.
Found three altars.
Found a sparkling altar of Nemelex Xobeh.
Found a radiant altar of Vehumet.
Found a white marble altar of Elyvilon.
There is a sparkling altar of Nemelex Xobeh here.
You hover solemnly before the altar of Nemelex Xobeh.
Nemelex Xobeh welcomes you!
You can now draw from decks of power.
Found a blossoming altar of Fedhas.
There is a staircase back to the Dungeon here.
You fly upwards.
The iguana bites you. The iguana bites you!
There is a staircase to the Ecumenical Temple here.
Unknown command.
Okay, then.
Okay, then.
You aren't carrying any potions.
Unknown command.
The iguana attacks as it pursues you! The iguana bites you!
Casting: Shock (safe; 10% risk of failure)
Confirm with . or Enter, or press ? or * to list all spells.
Aiming: Shock (safe; 10% risk of failure)
Press: ? - help, Shift-Dir - straight line The zap hits the iguana but does no damage.
The zap misses the iguana.
The iguana closely misses you.
Casting: Shock (safe; 10% risk of failure)
Confirm with . or Enter, or press ? or * to list all spells.
Aiming: Shock (safe; 10% risk of failure)
Press: ? - help, Shift-Dir - straight line The zap hits the iguana.
The iguana is moderately wounded.
The zap hits the iguana but does no damage.
The iguana is moderately wounded.
The iguana closely misses you.
Casting: Shock (safe; 10% risk of failure)
Confirm with . or Enter, or press ? or * to list all spells.
Aiming: Shock (safe; 10% risk of failure)
Press: ? - help, Shift-Dir - straight line The zap hits the iguana.
The iguana is moderately wounded.
The zap misses the iguana.
The iguana bites you but does no damage.
Unknown command.
Casting: Shock (safe; 10% risk of failure)
Confirm with . or Enter, or press ? or * to list all spells.
Aiming: Shock (safe; 10% risk of failure)
Press: ? - help, Shift-Dir - straight line The zap hits the iguana.
The iguana is heavily wounded.
The zap hits the iguana.
The iguana is heavily wounded.
* * * LOW HITPOINT WARNING * * *
The iguana closely misses you.
Casting: Shock (safe; 10% risk of failure)
Confirm with . or Enter, or press ? or * to list all spells.
Aiming: Shock (safe; 10% risk of failure)
Press: ? - help, Shift-Dir - straight line The zap hits the iguana.
The iguana is severely wounded.
The zap hits the iguana.
The iguana is almost dead.
* * * LOW HITPOINT WARNING * * *
The iguana bites you!
You die...
Your body disappears without a glow.

##.........#......
###...###....#..#.##
***
#...#..##....#....##
,,**
####...#............###
*,,**
#.....###...####....###
**,,*
#......................
*#.##*
#...#.....#..........##
#...*
#.###..>..###........##
#...*
#...#.@l..#..........##
*##...##
#..............##.>####
,,.....#
#.....###.....#*#### #
,**,...#
#......#...#### #
######.#####'##..#..##
......)............##
.#####.#####.##.#### ,*
#)# #.##.# .#####)#
#....#


You could see an iguana.

Vanquished Creatures
  A hound (D:5)
  An adder (D:4)
  3 gnolls (D:5)
5 creatures vanquished.

Notes
Turn   | Place    | Note
-------+----------+-------------------------------------------
     0 | D:5      | Flugkiller the Djinni Delver began the quest for the Orb.
     0 | D:5      | Reached XP level 1. HP: 20/20 MP: 0/0
     2 | D:5      | Noticed an iguana
    69 | D:4      | Reached skill level 1 in Spellcasting
    69 | D:4      | Reached skill level 1 in Conjurations
    69 | D:4      | Reached skill level 1 in Hexes
    69 | D:4      | Reached skill level 1 in Summonings
    69 | D:4      | Reached skill level 1 in Necromancy
    69 | D:4      | Reached skill level 1 in Translocations
    69 | D:4      | Reached skill level 1 in Transmutations
    69 | D:4      | Reached skill level 1 in Fire Magic
    69 | D:4      | Reached skill level 1 in Ice Magic
    69 | D:4      | Reached skill level 1 in Air Magic
    69 | D:4      | Reached skill level 1 in Earth Magic
    69 | D:4      | Reached skill level 1 in Poison Magic
    69 | D:4      | Reached XP level 2. HP: 9/25 MP: 0/0
   157 | D:4      | Noticed Menkaure
   251 | D:5      | Found Veliaxi's Magic Scroll Shop.
   301 | D:5      | Reached XP level 3. HP: 7/30 MP: 0/0
   301 | D:5      | Learned a level 1 spell: Shock
   318 | D:5      | Found a staircase to the Ecumenical Temple.
   346 | D:5      | Reached XP level 4. HP: 12/35 MP: 0/0
   474 | Temple   | Entered the Ecumenical Temple
   487 | Temple   | Became a worshipper of Nemelex Xobeh the Trickster
   507 | D:5      | Slain by an iguana

Illustrated notes

Levels and vault maps discovered:
D:4:      layout_basic, uniq_pikel, uniq_menkaure
D:5:      layout_basic, grunt_temple_overflow_cloverleaf, lemuel_doored_altar,
          minmay_temple_entry_tees, serial_shops, shop, minmay_misc_feat_tiny,
          sigmund_edmund_badplayer, uniq_duvessa
Temple:   compressed_dpeg_triangle_lava_temple

Skill      XL: |  1  2 |
---------------+-------+-----
Spellcasting   | 1 2 |  2.6
Conjurations   | 1 2 |  2.6
Hexes          | 1 2 |  2.6
Summonings     | 1 2 |  2.6
Necromancy     | 1 2 |  2.6
Translocations | 1 2 |  2.6
Transmutations | 1 2 |  2.6
Fire Magic     | 1 2 |  2.6
Ice Magic      | 1 2 |  2.6
Air Magic      | 1 2 |  2.6
Earth Magic    | 1 2 |  2.6
Poison Magic   | 1 2 |  2.6
Fighting       | |  3.0
Short Blades   | |  1.7
Dodging        | |  2.1
Stealth        | |  4.1

Action                     |  1- 3 |  4- 6 || total
---------------------------+-------+-------++-------
  Melee: Short sword       |    45 |       ||    45
   Cast: Shock             |     5 |     7 ||    12
    Use: Potion            |     1 |       ||     1
         Scroll            |     2 |       ||     2
 Armour: Leather armour    |    30 |     6 ||    36
  Dodge: Dodged            |    28 |     4 ||    32

Table legend: (Time is in decaauts)
 A = Elapsed time spent in this place.
 B = Non-inter-level travel time spent in this place.
 C = Inter-level travel time spent in this place.
 D = Time resting spent in this place.
 E = Time spent auto-exploring this place.
 F = Levels seen in this place.
 G = Mean time per level.
                   A        B        C        D        E       F      G
               +--------+--------+--------+--------+--------+-----+--------+
         Total |    489 |    465 |     24 |    197 |     25 |   3 |  163.0 |
       Dungeon |    462 |    462 |      0 |    197 |     25 |   2 |  231.0 |
        Temple |     26 |      2 |     24 |      0 |      0 |   1 |   26.0 |
               +--------+--------+--------+--------+--------+-----+--------+

Top non-repeatable levels by time:
     D:5: 302 daAuts
     D:4: 160 daAuts
  Temple: 26 daAuts
